 Dungeon Crawl Stone Soup version 0.14-a0-1653-g0ad7a2c (webtiles) character file.

36742 Medar the Tainter (level 14, -3/85 HPs)
             Began as a Formicid Venom Mage on Dec 27, 2013.
             Was the Champion of Sif Muna.
             Killed from afar by an ice dragon (32 damage)
             ... with a blast of cold
             ... in an ice cave.
             The game lasted 02:33:59 (29989 turns).

Medar the Tainter (Formicid Venom Mage)            Turns: 29989, Time: 02:33:59

HP  -3/85        AC 21     Str 16      XL: 14   Next: 54%
MP  19/32        EV 10     Int 21      God: Sif Muna [******]
Gold 1173        SH 10     Dex 11      Spells:  9 memorised,  6 levels left

rFire  . . .     SeeInvis +     a - staff of conjuration {!a}
rCold  . . .     Clarity  +     v - +4 ring mail "Omuna" {Str+1 Int+3}
rNeg   . . .     Conserve .     y - +0 buckler
rPois  .         rCorr    .     (helmet unavailable)
rElec  .         rRot     .     A - +0 cloak
SustAb . .       Spirit   .     n - +0 pair of gloves
rMut   .         Warding  .     o - +2 pair of boots
Saprov . . .     Stasis   +     c - amulet of clarity
                                r - ring of poison resistance
                                e - ring of wizardry

@: repel missiles, stone skin, somewhat resistant to hostile enchantments,
unstealthy
A: permanent stasis, dig shafts and tunnels, four strong arms, poison weakness,
antennae 3, exoskeleton 1
a: Dig, Shaft Self, Channel Energy, Forget Spell, Renounce Religion


You were in an ice cave.
You worshipped Sif Muna.
Sif Muna was exalted by your worship.
You were not hungry.

You visited 3 branches of the dungeon, and saw 19 of its levels.
You also visited: Labyrinth, Ossuary, Ice Cave and Volcano.

You collected 1173 gold pieces.

Inventory:

Hand weapons
 b - a +1,+1 dagger of electrocution
Missiles
 x - 3 large rocks (quivered)
Armour
 n - a +0 pair of gloves (worn)
 o - a +2 pair of boots (worn)
 v - the +4 ring mail "Omuna" (worn) {Str+1 Int+3}
   (You found it on level 1 of the Lair of Beasts)

   It affects your strength (+1).
   It affects your intelligence (+3).
 y - a +0 buckler (worn)
 A - a +0 cloak (worn)
 G - the +2 robe of the Dwarven Hall {rPois MR+ Acc+4 SInv Stlth-}
   (You found it on level 7 of the Lair of Beasts)

   It affects your accuracy (+4).
   It protects you from poison.
   It affects your resistance to hostile enchantments.
   It enhances your eyesight.
   It makes you much less stealthy.
Magical devices
 j - a wand of fire (3)
 z - a wand of slowing (1)
 D - a wand of confusion (2)
 I - a wand of polymorph (8)
 L - a wand of flame (15)
 S - a wand of cold (9)
Comestibles
 m - 4 bread rations
Scrolls
 d - 2 scrolls of immolation
 f - a scroll of noise
 w - a scroll of enchant weapon I
 C - a scroll of remove curse
 F - 2 scrolls of identify
Jewellery
 c - an amulet of clarity (around neck)
 e - a ring of wizardry (left hand)
 q - an uncursed ring of protection from magic
 r - a ring of poison resistance (right hand)
 N - an uncursed ring of sustenance
Books
 s - Ypusk's Guide on Attacks and the Rocks
   (Sif Muna gifted it to you on level 3 of the Lair of Beasts)

   Spells                             Type                      Level
   Magic Dart                         Conjuration                  1
   Throw Frost                        Conjuration/Ice              2
   *Stone Arrow                       Conjuration/Earth            3
   Passwall                           Transmutation/Earth          3
   Force Lance                        Conjuration                  5
   Poison Arrow                       Conjuration/Poison           6
Magical staves
 a - an uncursed staff of conjuration (weapon) {!a}
 g - an uncursed staff of energy {!a}
Rods
 Q - a +3 rod of the swarm (11/11) {!a}
   (You found it in a labyrinth)


   Skills:
 - Level 6.3 Fighting
 - Level 6.1 Armour
 - Level 5.0 Dodging
 - Level 2.4 Stealth
 - Level 5.0 Shields
 - Level 10.2 Spellcasting
 - Level 8.0 Conjurations
 - Level 4.0 Charms
 - Level 4.0 Transmutations
   Level 2.4 Fire Magic
 - Level 2.3 Air Magic
 + Level 12.1 Earth Magic
 - Level 12.3 Poison Magic


You had 6 spell levels left.
You knew the following spells:

 Your Spells              Type           Power        Failure   Level  Hunger
c - Venom Bolt            Conj/Pois      ######....   1%          5    ####...
d - Petrify               Trmt/Erth      #####...     1%          4    ##.....
e - Stoneskin             Trmt/Erth      #####.....   1%          2    None
l - Cure Poison           Pois           ######....   1%          2    None
m - Sting                 Conj/Pois      ####         1%          1    None
r - Repel Missiles        Chrm/Air       ###.......   1%          2    None
s - Mephitic Cloud        Conj/Pois/Air  ######..     1%          3    None
v - Lee's Rapid Deconstr  Erth           ######....   1%          5    ####...
x - Stone Arrow           Conj/Erth      ######       1%          3    None


Dungeon Overview and Level Annotations

Branches:
Dungeon (10/16)            Temple (1/1) D:6             Orc (0/4) D:9
   Lair (8/8) D:9          Shoals (0/5) Lair:6       Spider (0/5) Lair:4
  Slime (0/6) Lair:6

Altars:
Ashenzari
Cheibriados
Elyvilon
Fedhas
Kikubaaqudgha
Makhleb
Nemelex Xobeh
Okawaru
Sif Muna
Trog
Vehumet
Xom
Yredelemnul
Zin
the Shining One

Shops:
D:4 %

Annotations:
D:10 Fannar
Lair:3 exclusion: hydra IceCv exclusion: ice statue


Innate Abilities, Weirdness & Mutations

Your are under a permanent stasis effect.
You can dig through walls and to a lower floor.
Your four strong arms can wield any weapon, most with a shield.
You are susceptible to poison.
You have a pair of large antennae on your head (SInv).
Your body is surrounded by an exoskeleton. (HP +5, AC +1)


Message History

Zapping:
j - a wand of fire {zapped: 1}
Press: ? - help, Shift-Dir - straight line, f - ice dragon
Aim: an ice dragon (grey smoke, moderately wounded, catching its breath)
The bolt of fire misses the ice dragon.
Evoke which item? (* to show all) (? for menu, Esc to quit)
Okay, then.
Press: ? - help, v - describe, . - travel
Here: an ice dragon (grey smoke, moderately wounded, catching its breath)
The floor.
Evoke which item? (* to show all) (? for menu, Esc to quit)
Zapping:
j - a wand of fire {zapped: 2}
Press: ? - help, Shift-Dir - straight line, f - ice dragon, p - ice dragon
Aim: an ice dragon (grey smoke, moderately wounded)
The bolt of fire hits the ice dragon.
The ice dragon is burned terribly!
The ice dragon is heavily wounded.
The bolt of fire hits the ice dragon.
The ice dragon is burned terribly!
The ice dragon is heavily wounded.
The ice dragon breathes frost at you. The blast of cold hits you!
You die...

..## #..#.#
.#.## #...##
#..# ##..##
##.## #.#..###
#..###.≈##...#
##..#.≈≈
###.###
#..###≈≈
#..#§## ##.##
≈≈≈ ##.##§§#
#.#.##≈≈≈
#..#§@§#
##.###≈≈≈
##.§§#D## #..#
≈ #####D§#
##.## #§§§#
#..# ##§§#
##.# #..#
##..# #.D#
#.#.# ...#
##.## ..##


You could see 2 ice dragons.

Vanquished Creatures
  A minotaur (Lab)
  5 hydras
  Erica (Lair:5)
  4 death yaks (Lair:7)
  Nergalle (Lair:1)
  Pikel (D:4)
  3 giant amoebae (Lair:6)
  A sphinx skeleton (Volcano)
  2 griffons
  Psyche (D:9)
  12 spiny frogs
  A black mamba (Lair:4)
  3 fire drakes (Lair:7)
  7 komodo dragons
  A troll (D:9)
  A polar bear (Lair:6)
  5 blink frogs (Lair:2)
  Prince Ribbit (D:9)
  A trapdoor spider zombie (D:9)
  A flying skull (Volcano)
  4 basilisks
  A grizzly bear (Lair:7)
  A vampire (Volcano)
  A wyvern (Lair:5)
  A brown ooze (Lair:6)
  Eustachio (D:4)
  A merfolk (D:8)
  A golden eye (D:5)
  Grum (D:9)
  2 steam dragons
  6 hippogriffs
  A spriggan skeleton (Volcano)
  Edmund (D:4)
  2 manticores
  A necrophage (D:7)
  13 wolves
  A yellow wasp (D:9)
  18 ice beasts
  2 sky beasts (D:9)
  A black bear (Lair:4)
  A giant goldfish (Lair:5)
  6 phantoms
  12 porcupines
  5 centaurs
  4 slaves (D:4)
  5 crocodiles
  2 ogres (D:4)
  A brain worm (Lair:4)
  23 giant frogs
  A big kobold (D:9)
  10 water moccasins
  Blork the orc (D:9)
  2 giant slugs
  A gnoll sergeant (D:5)
  7 agate snails
  A manticore skeleton (Volcano)
  2 troll zombies (D:9)
  5 killer bees
  2 jellyfish (Lair:5)
  2 eyes of draining
  A yak skeleton (D:8)
  4 electric eels (Lair:5)
  8 crimson imps
  4 orc priests
  9 spiders
  10 hounds
  A soldier ant zombie (D:9)
  6 iguanas
  2 jellies
  2 quasits (D:9)
  A big fish (D:8)
  7 orc wizards
  3 scorpions
  5 sheep (Lair:7)
  12 worker ants
  Ijyb (D:4)
  3 ogre zombies (D:9)
  A tengu skeleton (Volcano)
  3 mummies
  56 green rats
  29 adders
  3 giant centipedes
  An inept item mimic (D:6)
  4 giant mites
  11 worms
  An adder skeleton (D:4)
  A giant eyeball (D:6)
  13 giant geckos
  An ooze (D:4)
  19 orcs
  24 bats
  2 bat skeletons
  7 giant cockroaches
  10 goblins
  27 hobgoblins
  29 jackals
  16 quokkas
  2 ball pythons
  10 giant newts
  A giant spore (D:5)
  4 goblin zombies
  3 hobgoblin skeletons (D:9)
  4 hobgoblin zombies (D:9)
  24 kobolds
  A kobold skeleton (D:4)
  3 orc skeletons (D:9)
  6 orc zombies (D:9)
  A quokka zombie (D:8)
  31 rats
  2 ballistomycetes (D:5)
635 creatures vanquished.

Vanquished Creatures (others)
  A spider (Lair:4)
  2 bushes (Lair:7)
  A fungus (Lair:7)
  A plant (Lair:4)
5 creatures vanquished.

Grand Total: 640 creatures vanquished

Notes
Turn   | Place    | Note
--------------------------------------------------------------
     0 | D:1      | Medar, the Formicid Venom Mage, began the quest for the Orb.
     0 | D:1      | Reached XP level 1. HP: 15/15 MP: 3/3
    83 | D:1      | Reached XP level 2. HP: 9/20 MP: 0/4
    88 | D:1      | Learned a level 2 spell: Cure Poison
   503 | D:1      | Reached skill level 6 in Poison Magic
   739 | D:1      | Reached XP level 3. HP: 24/24 MP: 3/6
   792 | D:1      | Reached skill level 1 in Conjurations
   806 | D:1      | Learned a level 3 spell: Mephitic Cloud
  1369 | D:2      | Reached skill level 1 in Air Magic
  1503 | D:2      | Reached XP level 4. HP: 29/29 MP: 3/7
  1810 | D:2      | Found a snail-covered altar of Cheibriados.
  2220 | D:2      | Reached XP level 5. HP: 33/33 MP: 0/9
  2968 | D:3      | Reached skill level 1 in Shields
  3119 | D:3      | Found a shimmering altar of Xom.
  3119 | D:3      | Found an ancient bone altar of Kikubaaqudgha.
  3515 | D:4      | Noticed Eustachio
  3528 | D:4      | Killed Eustachio
  3528 | D:4      | Reached skill level 7 in Poison Magic
  3528 | D:4      | Reached XP level 6. HP: 26/37 MP: 1/10
  3715 | D:4      | Noticed an ogre
  3716 | D:4      | Noticed Edmund
  3730 | D:4      | Killed an ogre
  3730 | D:4      | Reached XP level 7. HP: 41/41 MP: 8/13
  3787 | D:4      | Killed Edmund
  3893 | D:4      | Learned a level 4 spell: Olgreb's Toxic Radiance
  4005 | D:4      | Noticed an ogre
  4031 | D:4      | Killed an ogre
  4031 | D:4      | Reached XP level 8. HP: 28/46 MP: 14/17
  4361 | D:4      | Found Quuhacowk's Food Boutique.
  4482 | D:4      | Noticed Ijyb
  4498 | D:4      | Killed Ijyb
  4506 | D:4      | Noticed a slave
  4507 | D:4      | Noticed a slave
  4559 | D:4      | Reached skill level 8 in Poison Magic
  4773 | D:4      | Killed a slave
  4885 | D:4      | Killed a slave
  5011 | D:4      | Noticed Pikel
  5014 | D:4      | Noticed a slave
  5016 | D:4      | Noticed a slave
  5042 | D:4      | Killed a slave
  5075 | D:4      | Killed a slave
  5310 | D:4      | Killed Pikel
  5310 | D:4      | Reached skill level 5 in Conjurations
  5310 | D:4      | Reached skill level 9 in Poison Magic
  5432 | D:5      | Entered Level 5 of the Dungeon
  5622 | D:5      | Reached XP level 9. HP: 50/50 MP: 13/18
  6173 | D:5      | Reached skill level 10 in Poison Magic
  6349 | D:5      | Learned a level 5 spell: Venom Bolt
  6360 | D:5      | Reached skill level 11 in Poison Magic
  7086 | D:6      | Got an ichor-stained leather armour
  7094 | D:6      | Identified the +1 leather armour of the Dropbear {rF+ rN+ Dex-2 Dam+3} (You found it on level 6 of the Dungeon)
  7715 | D:6      | Reached XP level 10. HP: 49/55 MP: 20/20
  8004 | D:6      | Found a staircase to the Ecumenical Temple.
  8017 | Temple   | Entered the Ecumenical Temple
  8115 | Temple   | Became a worshipper of Sif Muna the Loreminder
  8777 | D:7      | Reached skill level 12 in Poison Magic
  9084 | D:7      | Got a sheer robe
  9091 | D:7      | Identified the +2 robe of Mental Paralysis {rN+} (You found it on level 7 of the Dungeon)
  9104 | D:7      | Identified the Grimoire of Destructive Fire (You found it on level 7 of the Dungeon)
  9119 | D:7      | Acquired Sif Muna's first power
  9126 | D:7      | Learned a level 2 spell: Throw Flame
  9433 | D:8      | Found a sand-covered staircase.
  9442 | Ossuary  | Entered an ossuary
  9442 | Ossuary  | Noticed Fv001's ghost (average DjFi)
  9682 | D:7      | Reached skill level 1 in Fire Magic
  9921 | D:8      | Reached skill level 1 in Armour
 11066 | D:8      | Reached skill level 5 in Armour
 11664 | D:9      | Noticed Prince Ribbit
 11733 | D:9      | Reached XP level 11. HP: 42/59 MP: 2/21
 11872 | D:9      | Noticed Blork the orc
 11883 | D:9      | Killed Blork the orc
 12173 | D:9      | Found a staircase to the Lair.
 12188 | Lair:1   | Entered Level 1 of the Lair of Beasts
 12355 | Lair:1   | Noticed Nergalle
 12517 | D:9      | Found a blossoming altar of Fedhas.
 12531 | D:9      | Reached skill level 5 in Shields
 12846 | D:9      | Killed Prince Ribbit
 12846 | D:9      | Reached skill level 5 in Spellcasting
 13044 | D:9      | Noticed Psyche
 13047 | D:9      | Killed Psyche
 13163 | D:9      | Found a staircase to the Orcish Mines.
 13270 | D:9      | Noticed Grum
 13272 | D:9      | Killed Grum
 13876 | D:9      | Learned a level 3 spell: Stone Arrow
 14114 | D:9      | Reached skill level 1 in Fighting
 14202 | D:9      | Acquired Sif Muna's second power
 14202 | D:9      | Reached skill level 1 in Earth Magic
 15233 | D:9      | Learned a level 2 spell: Stoneskin
 15476 | D:10     | Entered Level 10 of the Dungeon
 15483 | D:10     | Noticed Fannar
 15981 | Lair:1   | Killed Nergalle
 16253 | Lair:1   | Got a shimmering ring mail
 16292 | Lair:1   | Identified the +4 ring mail "Omuna" {Str+1 Int+3} (You found it on level 1 of the Lair of Beasts)
 16315 | Lair:1   | Reached skill level 5 in Earth Magic
 16615 | Lair:1   | Found a glowing golden altar of the Shining One.
 17018 | Lair:1   | Reached XP level 12. HP: 57/66 MP: 15/26
 18711 | Lair:3   | Reached skill level 1 in Transmutations
 18783 | Lair:3   | Acquired Sif Muna's third power
 19277 | Lair:3   | Got a heavily runed scale mail
 19297 | Lair:3   | Identified the cursed -4 scale mail "Suycvuaj" {Acc+5 Stlth++} (You found it on level 3 of the Lair of Beasts)
 19392 | Lair:3   | Noticed a six-headed hydra
 19890 | Lair:3   | Noticed a seven-headed hydra
 20121 | Lair:1   | Learned a level 5 spell: Lee's Rapid Deconstruction
 20126 | Lair:1   | Learned a level 4 spell: Petrify
 20250 | Lair:4   | Found a dark tunnel.
 20381 | Volcano  | Entered a volcano
 20544 | Volcano  | HP: 3/66 [flying skull (7)]
 21121 | Lair:4   | Reached XP level 13. HP: 46/74 MP: 2/29
 21649 | Lair:4   | Noticed a four-headed hydra
 21679 | Lair:4   | Killed a four-headed hydra
 21679 | Lair:4   | Reached skill level 5 in Fighting
 21847 | Lair:4   | Found a hole to the Spider Nest.
 22446 | Lair:4   | Upgraded the game from 0.14-a0-1637-gd423c14 to 0.14-a0-1653-g0ad7a2c
 22500 | Lair:5   | Noticed Erica
 22504 | Lair:5   | Killed Erica
 22760 | Lair:5   | Noticed a five-headed hydra
 22763 | Lair:5   | Killed a five-headed hydra
 22952 | Lair:5   | Reached skill level 5 in Dodging
 23944 | Lair:5   | Reached skill level 10 in Earth Magic
 24548 | Lair:5   | Noticed a five-headed hydra
 24558 | Lair:5   | Killed a five-headed hydra
 24740 | Lair:6   | Found a staircase to the Shoals.
 24763 | Lair:6   | Learned a level 2 spell: Repel Missiles
 24869 | Lair:6   | Found a staircase to the Slime Pits.
 24939 | Lair:6   | Reached skill level 1 in Charms
 26261 | Lair:7   | Found a labyrinth entrance.
 26283 | Lair:7   | Reached XP level 14. HP: 85/85 MP: 5/30
 26298 | Lab      | Entered a labyrinth
 26614 | Lab      | Identified a +3 rod of the swarm (11/11) (You found it in a labyrinth)
 26964 | Lair:3   | Killed a six-headed hydra
 26964 | Lair:3   | Received a gift from Sif Muna
 26965 | Lair:3   | Identified Ypusk's Guide on Attacks and the Rocks (Sif Muna gifted it to you on level 3 of the Lair of Beasts)
 27461 | Lair:7   | Got a twisted robe
 27471 | Lair:7   | Identified the +2 robe of the Dwarven Hall {rPois MR+ Acc+4 SInv Stlth-} (You found it on level 7 of the Lair of Beasts)
 27486 | Lair:7   | Noticed a four-headed hydra
 28832 | Lair:7   | Reached skill level 10 in Spellcasting
 29076 | Lair:8   | Entered Level 8 of the Lair of Beasts
 29182 | Lair:8   | Found a frozen archway.
 29290 | IceCv    | Entered an ice cave
 29989 | IceCv    | Killed from afar by an ice dragon

Action                   |  1- 3 |  4- 6 |  7- 9 | 10-12 | 13-15 || total
-------------------------+-------+-------+-------+-------+-------++-------
Melee: Dagger            |    26 |    12 |   164 |   344 |    93 ||   639
Throw: Large rock        |       |       |     2 |     1 |     5 ||     8
 Cast: Sting             |    55 |   101 |   170 |   163 |       ||   489
       Mephitic Cloud    |       |       |    10 |    12 |     4 ||    26
       Cure Poison       |       |       |     7 |     9 |     5 ||    21
       Olgreb's Toxic Ra |       |       |     5 |    11 |       ||    16
       Venom Bolt        |       |       |     7 |    78 |    26 ||   111
       Throw Flame       |       |       |       |    17 |       ||    17
       Stone Arrow       |       |       |       |   250 |   297 ||   547
       Stoneskin         |       |       |       |     7 |     8 ||    15
       Lee's Rapid Decon |       |       |       |     7 |    27 ||    34
       Repel Missiles    |       |       |       |       |     6 ||     6
       Petrify           |       |       |       |       |     8 ||     8
 Abil: Dig               |       |       |     5 |     3 |    11 ||    19
Evoke: Wand              |       |       |     9 |    12 |     5 ||    26
  Use: Scroll            |     7 |     1 |     5 |    14 |     8 ||    35
       Potion            |       |       |     2 |     8 |       ||    10
 Stab: Sleeping          |       |     1 |       |     2 |       ||     3
       Confused          |       |       |     2 |       |       ||     2
